 Dungeon Crawl Stone Soup version 0.26-a0-1132-ge9770dfcb6 (webtiles) character file.

Game seed: 313080795983112738

778 sahdkjhfkaj the Destroyer (level 7, -4/36 HPs)
             Began as a Tengu Conjurer on Dec 21, 2020.
             Slain by an orc warrior
             ... wielding a +0 morningstar
              (13 damage)
             ... on level 6 of the Dungeon.
             The game lasted 00:08:45 (5827 turns).

sahdkjhfkaj the Destroyer (Tengu Conjurer)          Turns: 5827, Time: 00:08:45

Health: -4/36      AC:  5    Str:  8    XL:     7   Next: 85%
Magic:  7/15       EV: 12    Int: 20    God:
Gold:   221        SH:  0    Dex: 12    Spells: 13/16 levels left

rFire    . . .     SeeInvis .   a - +0 dagger
rCold    . . .     Faith    .   (no shield)
rNeg     . . .     Spirit   .   s - +0 ring mail
rPois    .         Reflect  .   (helmet restricted)
rElec    .         Harm     .   (no cloak)
rCorr    .         Rampage  .   (no gloves)
Will     .....                  (boots unavailable)
Stlth    +.........             (no amulet)
HPRegen  0.12/turn              (no ring)
MPRegen  0.14/turn              (no ring)

@: about to teleport, flying quickly and evasively, quick
A: beak, talons 3, able to fly
a: Stop Flying


You were on level 6 of the Dungeon.
You visited 2 branches of the dungeon, and saw 7 of its levels.

You collected 221 gold pieces.

Inventory:

Hand Weapons
 a - a +0 dagger (weapon)
Armour
 f - a +0 robe of cold resistance
 s - a +0 ring mail (worn)
Jewellery
 h - an uncursed ring of flight {unknown}
 w - an uncursed ring of protection from fire {unknown}
 A - an uncursed ring of magical power {unknown}
 C - an uncursed ring of ice {unknown}
Wands
 i - a wand of iceblast (4)
 z - a wand of flame (17)
Scrolls
 b - a scroll of teleportation {!r}
 c - 2 scrolls of amnesia {unknown}
 k - a scroll of fear {unknown}
 m - 3 scrolls of magic mapping {unknown}
 n - a scroll of fog {unknown}
 o - a scroll of random uselessness {unknown}
 t - 2 scrolls of remove curse {unknown}
 u - a scroll of enchant weapon {unknown}
 x - 4 scrolls of identify {unknown}
 y - a scroll of immolation {unknown}
 B - a scroll of noise {unknown}
Potions
 d - 5 potions of curing {unknown}
 e - 4 potions of heal wounds {unknown}
 g - 2 potions of brilliance {unknown}
 j - a potion of magic {unknown}
 l - 2 potions of lignification {unknown}
 p - a potion of flight {unknown}
 q - a potion of mutation {unknown}
 r - 2 potions of attraction {unknown}
 v - a potion of degeneration {unknown}


   Skills:
 - Level 3.0 Dodging
 - Level 2.0 Stealth
 - Level 5.1 Spellcasting
 - Level 8.7 Conjurations
 - Level 1.0 Invocations
 + Level 3.1 Evocations


You had 13 spell levels left.
You knew the following spells:

 Your Spells              Type           Power        Failure   Level
a - Magic Dart            Conj           100%         1%          1
b - Searing Ray           Conj           78%          1%          2

Your spell library contained the following spells:

 Spells                   Type           Power        Failure   Level
 Dazzling Flash           Conj/Hex       44%          19%         3
 Beastly Appendage        Tmut           10%          34%         1
 Wereblood                Tmut           5%           47%         2
 Fulminant Prism          Conj/Hex       11%          52%         4
 Iskenderun's Mystic Bla  Conj/Tloc      22%          52%         4
 Spider Form              Tmut/Pois      2%           71%         3
 Ice Form                 Ice/Tmut       5%           98%         4
 Blade Hands              Tmut           2%           100%        5


Dungeon Overview and Level Annotations

Branches:
Dungeon (6/15)             Temple (1/1) D:4

Altars:
Ashenzari
Dithmenos
Elyvilon
Fedhas
Gozag
Hepliaklqana
Kikubaaqudgha
Makhleb
Nemelex Xobeh
Okawaru
Qazlal
Ru
Trog
Uskayaw
Vehumet
Wu Jian
Xom
Yredelemnul
The Shining One

Annotations:
D:2 2 transporters


Innate Abilities, Weirdness & Mutations

You have a beak for a mouth.
You have claws for feet.
You can fly continuously.


Message History

Aiming: Searing Ray (safe; 1% risk of failure)
Press: ? - help, Shift-Dir - straight line, f/p - orc warrior
Aim: an orc warrior, wielding a +0 morningstar and wearing a +0 plate armour (heavily wounded, 19% to evade)
The searing ray misses the orc warrior. (Press . to maintain the ray.)
There is an open door here.
Casting: Searing Ray (safe; 1% risk of failure)
Confirm with . or Enter, or press ? or * to list all spells.
Aiming: Searing Ray (safe; 1% risk of failure)
Press: ? - help, Shift-Dir - straight line, f/p - orc warrior
Aim: an orc warrior, wielding a +0 morningstar and wearing a +0 plate armour (heavily wounded, 19% to evade)
Okay, then.
Okay, then.
Really read
b - 2 scrolls of teleportation {!r}?
Okay, then.
Really read
b - 2 scrolls of teleportation {!r}?
As you read the scroll of teleportation {!r}, it crumbles to dust.
You feel strangely unstable.
The orc warrior hits you with a +0 morningstar!
You die...

######'### ###'#####
........†# #.......##
######.#o# #.......'.
#.#.# ########.......##
#.#.####..............#
..#...o'..)..)........#
###.#.##o.............#
#.#.#.o..####...<..<#
..#.#@.#.# #.......#
######.#..#.# #########
#....#......#
#.##.#......#############
#........#..#............
#..#.#......#.###########
#..#.#...##.#.#
#..#.#....#.#.#
#..#........#.#


You could see an orc warrior and an orc priest.

Vanquished Creatures
  A sky beast (D:5)
  2 ogres
  A phantom (D:4)
  A scorpion (D:6)
  2 orc priests
  A jelly (D:5)
  3 orc wizards
  An iguana (D:5)
  A worker ant (D:4)
  4 adders
  A howler monkey skeleton (D:5)
  3 worms
  A dart slug (D:3)
  5 leopard geckos
  15 orcs
  2 bats (D:3)
  3 giant cockroaches
  16 goblins
  4 hobgoblins
  8 jackals
  4 kobolds
  2 quokkas (D:4)
  2 ball pythons
  2 frilled lizards
  A jackal skeleton (D:4)
  13 rats
99 creatures vanquished.

Notes
Turn   | Place    | Note
-------+----------+-------------------------------------------
     0 | D:1      | sahdkjhfkaj the Tengu Conjurer began the quest for the Orb.
     0 | D:1      | Reached XP level 1. HP: 10/10 MP: 4/4
   245 | D:1      | Reached XP level 2. HP: 15/15 MP: 4/6
   248 | D:1      | Learned a level 2 spell: Searing Ray
   298 | D:1      | Reached skill level 6 in Conjurations
   778 | D:2      | Reached XP level 3. HP: 19/19 MP: 4/7
  1045 | D:2      | Found a transporter.
  1046 | D:2      | Noticed a bullfrog
  1101 | D:2      | Found a transporter.
  1111 | D:2      | Found a hazy altar of Hepliaklqana.
  1332 | D:2      | Reached skill level 7 in Conjurations
  1911 | D:3      | Reached XP level 4. HP: 24/24 MP: 4/8
  2149 | D:3      | Found a basalt altar of Yredelemnul.
  2177 | D:3      | Found a faded altar of an unknown god.
  2561 | D:3      | Gained mutation: You can fly continuously. [Tengu growth]
  2561 | D:3      | Reached XP level 5. HP: 28/28 MP: 6/11
  3271 | D:4      | Reached XP level 6. HP: 32/32 MP: 7/13
  3483 | D:4      | Noticed a phantom
  3515 | D:4      | Killed a phantom
  3516 | D:4      | Reached skill level 5 in Spellcasting
  3769 | D:4      | Found a staircase to the Ecumenical Temple.
  3962 | Temple   | Entered the Ecumenical Temple
  4139 | D:5      | Entered Level 5 of the Dungeon
  4306 | D:5      | Reached skill level 1 in Evocations
  4603 | D:5      | Reached XP level 7. HP: 36/36 MP: 8/15
  4764 | D:5      | Reached skill level 1 in Invocations
  5044 | D:5      | Found a broken altar of Ashenzari.
  5370 | D:6      | Reached skill level 8 in Conjurations
  5827 | D:6      | Slain by an orc warrior

Illustrated notes

Levels and vault maps discovered:
D:1:      zelgadis_glass_arrival_small, layout_rooms, minmay_hedge_maze
D:2:      layout_loops_cross, gammafunk_temple_overflow_arena,
          hangedman_decor_opposing
D:3:      layout_loops_corners, lemuel_crystal_altar,
          chequers_ecumenical_altar_simple_redux, kennysheep_generic_room_12
D:4:      layout_cave_pools, minmay_temple_entry_grid
D:5:      layout_loops_corners, kennysheep_mini_moat
D:6:      layout_basic
Temple:   regret_index_temple_sphere_string

Skill      XL: |  1  2  3  4  5  6  7 |
---------------+----------------------+-----
Conjurations   | 6 7 8 |  8.7
Spellcasting   | 3 4 5 |  5.1
Evocations     | 3 |  3.1
Invocations    | 1 |  1.0
Dodging        | 3 |  3.0
Stealth        | |  2.0

Action                   |  1- 3 |  4- 6 |  7- 9 || total
-------------------------+-------+-------+-------++-------
Melee: Unarmed           |     6 |       |       ||     6
       Kick              |     2 |     3 |       ||     5
       Dagger            |       |    11 |       ||    11
 Cast: Magic Dart        |    74 |    97 |    15 ||   186
       Searing Ray       |       |    10 |    10 ||    20
 Abil: Fly               |       |     1 |       ||     1
  Use: Scroll            |       |     1 |     1 ||     2
Armor: Robe              |     3 |       |       ||     3
       Ring mail         |       |     3 |     2 ||     5
Dodge: Dodged            |    11 |    19 |     3 ||    33

Table legend: (Time is in decaauts)
 A = Elapsed time spent in this place.
 B = Non-inter-level travel time spent in this place.
 C = Inter-level travel time spent in this place.
 D = Time resting spent in this place.
 E = Time spent auto-exploring this place.
 F = Levels seen in this place.
 G = Mean time per level.
                   A        B        C        D        E       F      G
               +--------+--------+--------+--------+--------+-----+--------+
         Total |   5678 |   5485 |    193 |    459 |   4457 |   7 |  811.1 |
       Dungeon |   5553 |   5367 |    186 |    459 |   4341 |   6 |  925.5 |
        Temple |    124 |    117 |      7 |      0 |    116 |   1 |  124.0 |
               +--------+--------+--------+--------+--------+-----+--------+

Top non-repeatable levels by time:
     D:3: 1600 daAuts
     D:5: 1075 daAuts
     D:2: 853 daAuts
     D:1: 761 daAuts
     D:4: 758 daAuts
     D:6: 505 daAuts
  Temple: 124 daAuts
